 Dungeon Crawl Stone Soup version 0.15.1-3-g1b33baa (webtiles) character file.

1980 Kex the Hoplite (level 9, -11/78 HPs)
             Began as a Minotaur Fighter on Oct 12, 2014.
             Was a Priest of Cheibriados.
             Mangled by an orc warrior
             ... wielding a +3 broad axe
              (13 damage)
             ... on Level 7 of the Dungeon.
             The game lasted 00:28:55 (8241 turns).

Kex the Hoplite (Minotaur Fighter)                  Turns: 8241, Time: 00:28:55

HP -11/78        AC 11     Str 30      XL: 9   Next:  1%
MP   4/4         EV 13     Int 17      God: Cheibriados [***...]
Gold 376         SH  0     Dex 18      Spells:  0 memorised,  8 levels left

rFire  . . .     SeeInvis +     a - +1 trident
rCold  . . .     Clarity  .     C - +2 ring mail {rPois}
rNeg   . . .     rCorr    .     c - +0 shield
rPois  +         rRot     .     D - +2 hat
rElec  .         Spirit   .     (no cloak)
SustAb .         Warding  .     F - +0 pair of gloves
rMut   .         Stasis   .     (no boots)
Gourm  .                        (no amulet)
MR     .....                    (no ring)
                                A - ring of see invisible

@: confused, brilliant, very slow, not resistant to hostile enchantments,
extremely unstealthy
A: retaliatory headbutt, horns 2
a: Bend Time, Temporal Distortion, Renounce Religion


You were on level 7 of the Dungeon.
You worshipped Cheibriados.
Cheibriados was most pleased with you.
You were not hungry.

You visited 2 branches of the dungeon, and saw 8 of its levels.

You collected 376 gold pieces.

Inventory:

Hand weapons
 a - a +1 trident (weapon)
Armour
 c - a +0 shield (worn)
 C - a +2 ring mail of poison resistance (worn)
 D - a +2 hat (worn)
 F - a +0 pair of gloves (worn)
Magical devices
 J - a wand of paralysis (24) {unknown}
Comestibles
 d - 6 bread rations
 i - 11 fruits
 q - 3 meat rations
Scrolls
 b - a scroll of teleportation
 h - 2 scrolls of remove curse
 k - a scroll of identify
 s - 5 scrolls of magic mapping
 u - a scroll of recharging
 x - a scroll of amnesia
 y - a scroll of enchant weapon
Jewellery
 p - an uncursed ring of sustain abilities {unknown}
 A - a ring of see invisible (left hand)
Potions
 e - 2 potions of might
 f - a potion of invisibility
 g - a potion of agility {unknown}
 j - a potion of confusion
 l - 3 potions of magic
 m - a potion of cancellation {unknown}
 o - a potion of beneficial mutation {unknown}
 r - 2 potions of restore abilities
 t - a potion of poison {unknown}
 v - a potion of degeneration {unknown}
 w - 3 potions of haste
 z - a potion of heal wounds {unknown}
 E - a potion of mutation {unknown}
 H - a potion of brilliance
Books
 G - a book of Changes

   Spells                             Type                      Level
   Beastly Appendage                  Transmutation                1
   Sticks to Snakes                   Transmutation                2
   Spider Form                        Transmutation/Poison         3
   Ice Form                           Ice/Transmutation            4
   Blade Hands                        Transmutation                5


   Skills:
 + Level 6.7 Fighting
 + Level 6.9 Polearms
 + Level 6.4 Armour
 + Level 5.7 Dodging
 + Level 8.0 Shields


You had 8 spell levels left.
You didn't know any spells.

Dungeon Overview and Level Annotations

Branches:
Dungeon (7/15)             Temple (1/1) D:4

Altars:
Ashenzari
Cheibriados
Dithmenos
Elyvilon
Fedhas
Kikubaaqudgha
Makhleb
Nemelex Xobeh
Okawaru
Qazlal
Sif Muna
Trog
Vehumet
Xom
Yredelemnul
Zin
The Shining One

Annotations:
D:7 Eustachio


Innate Abilities, Weirdness & Mutations

You reflexively headbutt those who attack you in melee.
You have a pair of horns on your head.


Message History

The orc warrior is moderately wounded.
The orc warrior hits you with a runed broad axe!
You block the orc's attack.
The gnoll hits you from afar with a halberd.
The orc hits you with a short sword.
The orc warrior hits you with a runed broad axe!!
* * * LOW HITPOINT WARNING * * *
Drink which item? (? for menu, Esc to quit)
Okay, then.
Drink which item? (? for menu, Esc to quit)
You feel clever all of a sudden.
It was a potion of brilliance.
The gnoll closely misses you. The orc misses you. You furiously retaliate!
You headbutt the orc!
You kill the orc!
Cheibriados appreciates the change of pace.
Drink which item? (? for menu, Esc to quit)
You are confused.
It was a potion of confusion.
The orc warrior hits you with a runed broad axe!
You die...

## .. ###### #g ########## #.....
. ##.## #........# #.####
..###...###.##.#.#.########.#
......#.....#......)).......####
.........##..#o)#.#.####.........
#.....).o.go@........##.....#
#.#.###..##############...... #.
#<.# #....(# #. ...... ##...##
o..o##.#.. ##.## ##.. #.#..# #.#
.. ... .. #.### . #.# .
######...# #.# ...........


You could see an orc warrior, an orc wizard (invisible), a gnoll and an orc.

Vanquished Creatures
  A water moccasin (D:6)
  2 sky beasts
  A phantom (D:4)
  2 giant frogs (D:6)
  A big kobold (D:6)
  A cyclops skeleton (D:6)
  2 scorpions
  A vampire bat (D:3)
  5 wights (D:6)
  2 goliath beetles (D:6)
  2 hounds
  A crimson imp (D:7)
  An electric eel (D:6)
  2 orc wizards (D:6)
  A giant frog zombie (D:6)
  A centaur skeleton (D:4)
  8 worker ants
  An ogre zombie (D:4)
  11 gnolls
  8 adders
  A shadow imp (D:7)
  2 worms (D:2)
  An iguana skeleton (D:4)
  4 giant geckos
  14 orcs
  2 spectral bats (D:3)
  A bat simulacrum (D:3)
  3 bat skeletons (D:3)
  A bat zombie (D:3)
  3 fire bats (D:3)
  9 giant cockroaches
  42 goblins
  29 hobgoblins
  6 jackals
  15 kobolds
  A quokka (D:2)
  A ball python (D:2)
  A ball python skeleton (D:5)
  16 bats
  A giant newt (D:3)
  A goblin zombie (D:5)
  A kobold skeleton (D:7)
  10 rats
  4 ballistomycetes (D:6)
223 creatures vanquished.

Vanquished Creatures (others)
  A gnoll (D:6)
  A hobgoblin (D:6)
  A giant spore (D:6)
  A ballistomycete (D:6)
4 creatures vanquished.

Grand Total: 227 creatures vanquished

Notes
Turn   | Place    | Note
--------------------------------------------------------------
     0 | D:1      | Kex, the Minotaur Fighter, began the quest for the Orb.
     0 | D:1      | Reached XP level 1. HP: 19/19 MP: 1/1
    53 | D:1      | Reached skill level 4 in Fighting
    59 | D:1      | Reached XP level 2. HP: 24/27 MP: 1/1
   478 | D:1      | Reached XP level 3. HP: 23/33 MP: 2/2
  1520 | D:2      | Found a deep blue altar of Sif Muna.
  1522 | D:2      | Reached XP level 4. HP: 38/41 MP: 2/2
  1787 | D:2      | Found a shimmering altar of Xom.
  2094 | D:3      | Found an ancient bone altar of Kikubaaqudgha.
  2294 | D:3      | Reached skill level 1 in Dodging
  2309 | D:3      | Reached XP level 5. HP: 47/47 MP: 2/2
  2353 | D:3      | Reached skill level 5 in Fighting
  2849 | D:4      | Reached skill level 5 in Armour
  3028 | D:4      | Reached skill level 5 in Shields
  3124 | D:4      | Noticed a phantom
  3125 | D:4      | Reached XP level 6. HP: 56/56 MP: 3/3
  3147 | D:4      | Killed a phantom
  3185 | D:4      | Found a staircase to the Ecumenical Temple.
  3390 | Temple   | Entered the Ecumenical Temple
  3625 | D:4      | Found a glowing golden altar of the Shining One.
  3905 | D:5      | Entered Level 5 of the Dungeon
  4043 | D:5      | Found a sparkling altar of Nemelex Xobeh.
  4170 | D:5      | Reached XP level 7. HP: 61/61 MP: 3/3
  4236 | D:5      | Found a shadowy altar of Dithmenos.
  4346 | D:5      | Reached skill level 6 in Shields
  4353 | D:5      | Reached skill level 5 in Polearms
  4972 | D:6      | Found an iron altar of Okawaru.
  5016 | D:6      | Found a white marble altar of Elyvilon.
  5019 | D:6      | Found a glowing silver altar of Zin.
  5201 | D:6      | Reached XP level 8. HP: 25/70 MP: 3/3
  5909 | D:6      | Found a snail-covered altar of Cheibriados.
  6000 | D:6      | Became a worshipper of Cheibriados the Contemplative
  6054 | D:6      | Found a shadowy altar of Dithmenos.
  6054 | D:6      | Found a bloodstained altar of Trog.
  6104 | D:6      | Reached skill level 7 in Shields
  6612 | D:6      | Reached skill level 5 in Dodging
  7210 | D:6      | Found a basalt altar of Yredelemnul.
  7855 | D:6      | Reached skill level 8 in Shields
  7947 | D:7      | Acquired Cheibriados' first power
  8005 | D:7      | Reached XP level 9. HP: 78/78 MP: 4/4
  8033 | D:7      | Noticed Eustachio
  8180 | D:7      | Found a burning altar of Makhleb.
  8239 | D:7      | HP: 1/78 [orc warrior/runed broad axe (23)]
  8241 | D:7      | Mangled by an orc warrior

Action                   |  1- 3 |  4- 6 |  7- 9 || total
-------------------------+-------+-------+-------++-------
Melee: Trident           |    91 |   227 |   428 ||   746
  Use: Scroll            |       |       |    16 ||    16
       Potion            |       |       |     6 ||     6
  Eat: Chunk             |     2 |     9 |    10 ||    21
       Beef jerky        |       |       |     1 ||     1
